 Dungeon Crawl Stone Soup version 0.24.1-4-ge52af88ad5 (webtiles) character file.

Game seed: 12647751998935055918, levelgen mode: deterministic

7561 raph the Transmogrifier (level 10, -2/84 HPs)
             Began as a Red Draconian Transmuter on Apr 19, 2020.
             Was an Elder of Sif Muna.
             Killed from afar by an electric eel (4 damage)
             ... with a bolt of electricity
             ... on level 11 of the Dungeon.
             The game lasted 00:24:56 (11699 turns).

raph the Transmogrifier (Red Draconian Transmuter) Turns: 11699, Time: 00:24:57

Health: -2/84      AC: 13    Str: 13    XL:     10   Next: 96%
Magic:  16/20      EV: 15    Int: 18    God:    Sif Muna [****..]
Gold:   550        SH:  0    Dex: 13    Spells: 11/22 levels left

rFire    + . .     SeeInvis .     - Unarmed
rCold    . . .     Gourm    .   (shield currently unavailable)
rNeg     . . .     Faith    .   (armour unavailable)
rPois    .         Spirit   .   (helmet restricted)
rElec    .         Reflect  .   B - +2 cloak
rCorr    .         Harm     .   (gloves currently unavailable)
MR       .....                  h - +2 pair of boots
Stlth    +.........             (no amulet)
HPRegen  0.24/turn              u - +3 ring of intelligence
MPRegen  0.17/turn              j - ring of wizardry

@: blade hands
A: breathe fire, unfitting armour, fire resistance 1, cold-blooded, AC +7
a: Breathe Fire, End Transformation, Channel Magic, Forget Spell, Divine
Exegesis, Renounce Religion


You were on level 11 of the Dungeon.
You worshipped Sif Muna.
Sif Muna was greatly pleased with you.
You were very hungry.
You had blades for hands.
You visited 1 branch of the dungeon, and saw 11 of its levels.

You collected 572 gold pieces.
You spent 22 gold pieces at shops.

Inventory:

Missiles
 a - 152 arrows
 m - 11 boomerangs (quivered)
 p - 26 poisoned darts
Armour
 h - a +2 pair of boots (worn)
 r - a +2 pair of gloves (melded)
 B - a +2 cloak (worn)
 E - a +0 buckler
Jewellery
 g - an uncursed ring of see invisible
 j - a ring of wizardry (right scythe-like blade)
 o - an uncursed ring of protection from magic
 u - a +3 ring of intelligence (left scythe-like blade)
 y - an uncursed ring of protection from magic
Wands
 l - a wand of flame (19)
 q - a wand of polymorph (10)
 v - a wand of disintegration (16)
 A - a wand of iceblast (7)
 D - a wand of scattershot (5)
 H - a wand of random effects (17)
Scrolls
 d - 3 scrolls of identify
 e - 5 scrolls of immolation
 s - 2 scrolls of magic mapping
 t - 3 scrolls of teleportation
 w - 3 scrolls of remove curse
 C - 2 scrolls of fog
Potions
 b - 4 potions of degeneration
 f - 6 potions of curing
 i - a potion of cancellation
 k - 2 potions of heal wounds
 n - 5 potions of brilliance
 x - a potion of magic
 z - 2 potions of haste
 G - a potion of agility {unknown}
Comestibles
 c - 16 rations


   Skills:
 + Level 6.9 Fighting
 + Level 6.0 Dodging
 + Level 7.9 Unarmed Combat
 + Level 6.9 Spellcasting
 + Level 9.7 Transmutations
 + Level 3.5 Invocations


You had 11 spell levels left.
You knew the following spells:

 Your Spells              Type           Power        Failure   Level  Hunger
a - Beastly Appendage     Tmut           #####.       3%          1    None
b - Sticks to Snakes      Tmut           #####...     4%          2    None
c - Blade Hands           Tmut           #####.....   14%         5    #####..
d - Spider Form           Tmut/Pois      ###.......   12%         3    ##.....

Your spell library contained the following spells:

 Spells                   Type           Power        Failure   Level  Hunger
 Ice Form                 Ice/Tmut       ###.....     26%         4    ####...
 Metabolic Englaciation   Hex/Ice        #.........   93%         5    #####..
 Bolt of Cold             Conj/Ice       #.........   100%        6    #######
 Freezing Cloud           Conj/Ice/Air   #.........   100%        6    #######
 Ozocubu's Refrigeration  Ice            #.........   100%        6    #######
 Simulacrum               Ice/Necr       #.........   100%        6    #######


Dungeon Overview and Level Annotations

Branches:
Dungeon (11/15)            Temple (0/1) D:4            Lair (0/6) D:11
    Orc: D:9-12

Altars:
Ashenzari
Cheibriados
Elyvilon
Fedhas
Gozag
Hepliaklqana
Makhleb
Nemelex Xobeh
Qazlal
Sif Muna
Vehumet
Wu Jian
Yredelemnul
The Shining One

Shops:
D:8 ?

Annotations:
D:8 2 runed translucent doors, Jaiteiro's ghost, novice GnSk
D:10 2 transporters, Vazz's ghost, journeyman GnMo


Innate Abilities, Weirdness & Mutations

You can breathe blasts of fire.
Your fiery red scales are hard. (AC +7)
You cannot fit into any form of body armour.
Your flesh is heat resistant. (rF+)
You are cold-blooded and may be slowed by cold attacks.


Message History

You barely miss the electric eel.
The electric eel shoots out a bolt of lightning at you!
The bolt of electricity hits you. The bolt of electricity hits you!
You slash the electric eel!
The electric eel is heavily wounded.
The electric eel shoots out a bolt of lightning at you!
The bolt of electricity misses you. The bolt of electricity hits you.
You barely miss the electric eel.
The electric eel is heavily wounded.
The electric eel shoots out a bolt of lightning at you!
The bolt of electricity hits you!
* * * LOW HITPOINT WARNING * * *
The electric eel shoots out a bolt of lightning at you!
The bolt of electricity hits you!
* * * LOW HITPOINT WARNING * * *
The bolt of electricity hits you!
* * * LOW HITPOINT WARNING * * *
The electric eel shoots out a bolt of lightning at you!
The bolt of electricity hits you.
You die...

#.##### #......
######...... #
............ #.
###########........
####.##.........#......##
..........####.##........
.≈.≈$............<#.#.##.
.≈.≈.$≈≈@..............#.
.≈≈.≈.≈....#....#.#..#.#.
≈.≈≈≈≈;................#.
≈≈≈≈≈≈≈.....†####.#....#.
≈≈≈≈≈≈;≈≈≈..$...#.#....#.
.≈.≈.≈≈≈≈≈.?..#)#......#.
....≈≈≈≈≈≈....#.###....#.
≈.>.≈≈≈≈≈≈....#)###....#.
.....≈≈≈≈≈..........>..#.


You could see 2 electric eels.

Vanquished Creatures
  Harold (D:8)
  A two-headed ogre (D:10)
  A centaur zombie (D:10)
  Maurice (D:8)
  2 trolls (D:11)
  A wyvern (D:10)
  A soldier ant (D:11)
  Duvessa (D:6)
  A water moccasin (D:9)
  4 orc warriors
  An eye of draining (D:11)
  An ice beast (D:8)
  5 sky beasts
  2 black bears
  A phantom (D:9)
  2 ogres
  A wolf (D:11)
  A centaur (D:10)
  A big kobold (D:9)
  Blork the orc (D:6)
  5 bullfrogs
  Dowan (D:6)
  4 scorpions
  3 wights (D:6)
  A howler monkey (D:6)
  6 crimson imps
  3 jellies
  A bullfrog zombie (D:7)
  8 hounds
  4 orc priests
  2 centaur skeletons
  A gnoll shaman (D:5)
  10 orc wizards
  4 iguanas
  13 worker ants
  Natasha (thrice) (D:4)
  A hound skeleton (D:5)
  A worker ant zombie (D:8)
  13 gnolls
  11 adders
  3 shadow imps
  2 oozes
  An adder skeleton (D:5)
  4 adder zombies
  3 worms
  2 dart slugs
  5 leopard geckos
  34 orcs
  A ball python (D:1)
  6 giant cockroaches
  11 goblins
  17 hobgoblins
  7 jackals
  2 quokkas
  11 bats
  5 frilled lizards
  4 jackal skeletons
  15 kobolds
  A leopard gecko skeleton (D:4)
  12 rats
271 creatures vanquished.

Vanquished Creatures (collateral kills)
  An orc (D:6)
1 creature vanquished.

Grand Total: 272 creatures vanquished

Notes
Turn   | Place    | Note
-------+----------+-------------------------------------------
     0 | D:1      | raph the Draconian Transmuter began the quest for the Orb.
     0 | D:1      | Reached XP level 1. HP: 16/16 MP: 3/3
   147 | D:1      | Reached XP level 2. HP: 22/23 MP: 3/5
   196 | D:1      | Reached skill level 3 in Transmutations
   441 | D:1      | Reached XP level 3. HP: 25/28 MP: 6/6
  1226 | D:2      | Reached skill level 4 in Transmutations
  1319 | D:2      | Learned a level 2 spell: Sticks to Snakes
  1420 | D:2      | Reached XP level 4. HP: 35/35 MP: 5/7
  1585 | D:2      | Found a white marble altar of Elyvilon.
  1644 | D:2      | Found a basalt altar of Yredelemnul.
  1853 | D:2      | Found a glowing golden altar of the Shining One.
  1853 | D:2      | Found a shimmering blue altar of Sif Muna.
  1856 | D:2      | Became a worshipper of Sif Muna the Loreminder
  2249 | D:3      | Found a radiant altar of Vehumet.
  2256 | D:3      | Found a burning altar of Makhleb.
  2301 | D:3      | Reached XP level 5. HP: 35/40 MP: 6/8
  2342 | D:3      | Learned a level 5 spell: Blade Hands
  2376 | D:3      | Found a sparkling altar of Nemelex Xobeh.
  2539 | D:3      | Reached skill level 5 in Transmutations
  2598 | D:3      | Reached * piety under Sif Muna
  3109 | D:3      | Found an ornate altar of the Wu Jian Council.
  3115 | D:3      | Found a shattered altar of Ashenzari.
  3206 | D:4      | Found an opulent altar of Gozag.
  3257 | D:4      | Found a staircase to the Ecumenical Temple.
  3661 | D:4      | Reached XP level 6. HP: 20/47 MP: 7/9
  3702 | D:4      | Reached skill level 6 in Transmutations
  3913 | D:4      | Noticed Natasha
  3921 | D:4      | Killed Natasha
  3975 | D:4      | Noticed Natasha
  3984 | D:4      | Killed Natasha
  4435 | D:4      | Noticed Natasha
  4440 | D:4      | Killed Natasha
  4510 | D:5      | Entered Level 5 of the Dungeon
  4854 | D:5      | Your scales start taking on a fiery red colour.
  4854 | D:5      | Reached XP level 7. HP: 47/52 MP: 6/11
  4854 | D:5      | Gained mutation: Your flesh is heat resistant. (rF+) [Red
                  | Draconian growth]
  5004 | D:5      | Reached skill level 7 in Transmutations
  5118 | D:5      | Reached ** piety under Sif Muna
  5639 | D:5      | Learned a level 3 spell: Spider Form
  5907 | D:6      | Noticed Dowan
  5907 | D:6      | Noticed Duvessa
  5938 | D:6      | Killed Duvessa
  5943 | D:6      | Killed Dowan
  6243 | D:6      | Reached XP level 8. HP: 53/61 MP: 8/14
  6304 | D:6      | Reached skill level 5 in Unarmed Combat
  6578 | D:6      | Found a blossoming altar of Fedhas.
  6753 | D:6      | Noticed Blork the orc
  6764 | D:6      | Killed Blork the orc
  7093 | D:6      | Reached skill level 8 in Transmutations
  7468 | D:7      | Found a stormy altar of Qazlal.
  7514 | D:7      | Reached *** piety under Sif Muna
  7514 | D:7      | Reached XP level 9. HP: 69/71 MP: 7/16
  7542 | D:7      | Reached skill level 5 in Spellcasting
  8091 | D:8      | Noticed Maurice
  8190 | D:8      | Killed Maurice
  8664 | D:8      | Found Dooq's Magic Scroll Emporium.
  8672 | D:8      | Bought a scroll of fog for 22 gold pieces
  8906 | D:8      | Noticed Harold
  8916 | D:8      | Killed Harold
  8916 | D:8      | Reached skill level 5 in Fighting
  8973 | D:8      | Found a large runed translucent door.
  8980 | D:8      | Found a large runed translucent door.
  8982 | D:8      | Noticed Jaiteiro's ghost (novice GnSk)
  9158 | D:9      | Reached skill level 9 in Transmutations
  9226 | D:9      | Found a hazy altar of Hepliaklqana.
  9417 | D:9      | Reached skill level 5 in Dodging
  9417 | D:9      | Reached XP level 10. HP: 72/82 MP: 15/18
  9826 | D:9      | Found a snail-covered altar of Cheibriados.
 10108 | D:10     | Entered Level 10 of the Dungeon
 10401 | D:10     | Reached skill level 1 in Invocations
 10474 | D:10     | Reached **** piety under Sif Muna
 10534 | D:10     | Noticed a two-headed ogre
 10542 | D:10     | Killed a two-headed ogre
 10705 | D:10     | Found a transporter.
 10710 | D:10     | Noticed Vazz's ghost (journeyman GnMo)
 10711 | D:10     | Found a transporter.
 11694 | D:11     | Found a staircase to the Lair.
 11699 | D:11     | HP: 2/84 [electric eel/bolt of electricity (12)]
 11699 | D:11     | Killed from afar by an electric eel

Levels and vault maps discovered:
D:1:      minmay_arrival_floating_metal, layout_rooms, moated_statue,
          minmay_heptomino_l4
D:2:      layout_rooms, kennysheep_ying_yang,
          gammafunk_temple_overflow_elements, first_ration
D:3:      layout_loops_ring, grunt_temple_overflow_lords_of_destruction,
          nemelex_xobeh_ov_fountains_minmay, amethyst_overflow_temple_binary
D:4:      layout_basic, grunt_gozag_statues, minmay_temple_entry_slanted,
          uniq_natasha
D:5:      minmay_spotlight, layout_basic, roderic_roman_lattice
D:6:      layout_gridville, fedhas_altar_2, uniq_blork_the_orc, uniq_duvessa
D:7:      layout_loops_ring, nicolae_qazlal_eye_of_the_storm
D:8:      layout_basic, serial_shops, shop, ebering_ghost_disaster_area,
          uniq_harold, uniq_maurice
D:9:      layout_stronghold, nicolae_overflow_crystal_walls, old_standard_altar
D:10:     wad_crossroads, layout_small_grid, gammafunk_ghost_hive
D:11:     layout_basic, erik_lair_island, hangedman_ranch
          [blue_anna_fruit_fields]

Skill      XL: |  1  2  3  4  5  6  7  8  9 10 |
---------------+-------------------------------+-----
Transmutations | 3 4 5 6 7 8 9 |  9.7
Unarmed Combat | 4 5 7 |  7.9
Spellcasting   | 4 5 6 |  6.9
Dodging        | 2 3 5 6 |  6.0
Fighting       | 2 3 5 6 |  6.9
Invocations    | 3 |  3.5

Action                   |  1- 3 |  4- 6 |  7- 9 | 10-12 || total
-------------------------+-------+-------+-------+-------++-------
Melee: Unarmed           |   149 |   281 |   252 |   186 ||   868
       Headbutt          |    18 |    25 |     1 |       ||    44
       Tailslap          |     8 |    28 |    22 |    22 ||    80
       Kick              |     3 |       |       |       ||     3
       Punch             |       |     5 |     4 |     4 ||    13
 Cast: Beastly Appendage |    25 |    27 |     2 |       ||    54
       Blade Hands       |       |    12 |    33 |    23 ||    68
       Sticks to Snakes  |       |       |     2 |       ||     2
 Abil: Breathe Fire      |       |       |     4 |     1 ||     5
  Use: Scroll            |       |     7 |    11 |     2 ||    20
       Potion            |       |       |     1 |       ||     1
 Stab: Sleeping          |     1 |     1 |       |     1 ||     3
  Eat: Chunk             |     2 |    14 |    16 |    13 ||    45
       Ration            |       |     1 |     3 |       ||     4
Armor: Skin              |    57 |    93 |    74 |    67 ||   291
Dodge: Dodged            |   112 |   172 |   130 |   119 ||   533
